 Seeded DCSS version 0.27-a0-1188-g73eefd5def (webtiles) character file.

Game seed: 16767568107801894396 (custom seed)

11423 Shayle the Spear-Bearer (level 11, -9/83 HPs)
             Began as a Demonspawn Warper on May 20, 2021.
             Was an Elder of Wu Jian.
             Mangled by a meliai
             ... wielding a +0 broad axe
              (10 damage)
             ... on level 11 of the Dungeon.
             The game lasted 00:36:38 (13701 turns).

Shayle the Spear-Bearer (Demonspawn Warper)        Turns: 13701, Time: 00:36:41

Health: -9/83      AC: 12    Str: 11    XL:     11   Next: 49%
Magic:  23/23      EV: 18    Int: 14    God:    Wu Jian [****..]
Gold:   1759       SH:  7    Dex: 22    Spells: 5/15 levels left

rFire    + . .     SeeInvis .   n - +8 lance "Wyrmbane" {slay drac, rPois rF+ rC+ AC+3}
rCold    + . .     Faith    .   o - +2 buckler
rNeg     . . .     Spirit   .   S - +0 steam dragon scales
rPois    +         Reflect  .   (helmet restricted)
rElec    .         Harm     .   w - scarf {shadows}
rCorr    .         Rampage  .   k - +0 pair of gloves {Dex+3}
Will     .....                  L - +2 pair of boots
Stlth    ++++......             (no amulet)
HPRegen  0.23/turn              f - ring of magical power
MPRegen  0.18/turn              N - ring of flight

@: agile, lethally poisoned (-9 -> -29), flying
A: horns 2, thin skeletal structure 1, powered by death 1, powered by pain 1
a: Renounce Religion, Wall Jump, Serpent's Lash


You were on level 11 of the Dungeon.
You worshipped Wu Jian.
Wu Jian was greatly pleased with you.
You visited 2 branches of the dungeon, and saw 14 of its levels.
You also visited: Ossuary.

You collected 3129 gold pieces.
You spent 1370 gold pieces at shops.

Inventory:

Hand Weapons
 a - a +0 falchion
 m - the +8 halberd of Disharmony {vamp, Str+7}
   (You bought it in a shop on level 2 of the Dungeon)

   It inflicts no extra harm, but heals its wielder when it wounds a living foe.
   It affects your strength (+7).
 n - the +8 lance "Wyrmbane" (weapon) {slay drac, rPois rF+ rC+ AC+3}
   (You found it on level 9 of the Dungeon)

   It affects your AC (+3).
   It protects you from fire.
   It protects you from cold.
   It protects you from poison.
Missiles
 c - 18 poisoned darts
 e - 4 boomerangs of dispersal
 r - 2 silver boomerangs
 t - 13 boomerangs
 R - 5 curare-tipped darts (quivered)
 W - 3 throwing nets
Armour
 b - a +0 leather armour
 k - a +0 pair of gloves of dexterity (worn)
 o - a +2 buckler (worn)
 u - a +0 cloak
 w - a scarf of shadows (worn)
 H - the +0 leather armour of Floral Leaves {rPois Str+4 Dex-5}
   (You bought it in a shop on level 6 of the Dungeon)

   It affects your strength (+4).
   It affects your dexterity (-5).
   It protects you from poison.
 L - a +2 pair of boots (worn)
 M - a +1 leather armour of fire resistance
 S - +0 steam dragon scales (worn)
 X - the +2 leather armour of Exclusion {Drain rC+ rCorr Int+2}
   (You found it on level 13 of the Dungeon)

   It affects your intelligence (+2).
   It protects you from cold.
   It protects you from acid and corrosion.
   It drains your maximum health when unequipped.
Jewellery
 f - a ring of magical power (left hand)
 y - an amulet of faith
 N - a ring of flight (right hand)
Wands
 A - a wand of iceblast (15)
 E - a wand of polymorph (17)
 U - a wand of charming (12)
Scrolls
 d - 2 scrolls of blinking
 g - 2 scrolls of enchant armour {unknown}
 h - 5 scrolls of amnesia
 i - a scroll of vulnerability
 p - a scroll of torment {unknown}
 s - 3 scrolls of teleportation
 x - a scroll of holy word {unknown}
 G - 3 scrolls of noise
 I - a scroll of magic mapping {unknown}
 K - a scroll of fog {unknown}
 P - a scroll of summoning {unknown}
 T - a scroll of brand weapon {unknown}
 V - a scroll of silence {unknown}
Potions
 j - 2 potions of invisibility
 l - 4 potions of flight
 q - 3 potions of berserk rage
 v - 5 potions of attraction
 z - 4 potions of curing
 B - 2 potions of haste
 D - a potion of brilliance {unknown}
 F - 2 potions of lignification
 J - a potion of mutation {unknown}
 O - 3 potions of might
 Q - 3 potions of degeneration {unknown}


   Skills:
 + Level 6.7 Fighting
 - Level 3.1 Long Blades
 - Level 12.7 Polearms
 - Level 0.8 Throwing
 - Level 0.8 Armour
 + Level 3.3 Dodging
 - Level 3.2 Stealth
 + Level 2.0 Shields
 - Level 2.6 Spellcasting
 + Level 5.9 Translocations
 - Level 4.0 Evocations


You had 5 spell levels left.
You knew the following spells:

 Your Spells              Type           Power      Damage    Failure   Level
a - Blink                 Tloc           N/A        N/A       3%          2
b - Teleport Other        Tloc           18%        N/A       8%          3
c - Manifold Assault      Tloc           18%        N/A       56%         5

Your spell library contained the following spells:

 Spells                   Type           Power      Damage    Failure   Level
 Apportation              Tloc           36%        N/A       2%          1
 Gell's Gravitas          Tloc           9%         N/A       8%          3
 Lesser Beckoning         Tloc           9%         N/A       8%          3
 Animate Skeleton         Necr           2%         N/A       28%         1
 Beastly Appendage        Tmut           2%         N/A       28%         1
 Corona                   Hex            1%         N/A       28%         1
 Freeze                   Ice            4%         1d3       28%         1
 Sandblast                Erth           2%         2d4       28%         1
 Sting                    Tmut/Pois      4%         1d3       28%         1
 Summon Small Mammal      Summ           4%         N/A       28%         1
 Corpse Rot               Necr/Air       N/A        N/A       41%         2
 Passwall                 Tmut/Erth      0%         N/A       41%         2
 Poisonous Vapours        Pois/Air       2%         N/A       41%         2
 Wereblood                Tmut           1%         N/A       41%         2
 Confusing Touch          Hex            1%         N/A       65%         3
 Frozen Ramparts          Ice            2%         1d2       65%         3
 Ignite Poison            Fire/Tmut/Pois 1%         N/A       65%         3
 Mephitic Cloud           Conj/Pois/Air  1%         N/A       65%         3
 Ozocubu's Armour         Ice            1%         N/A       65%         3
 Spider Form              Tmut/Pois      0%         N/A       65%         3
 Stone Arrow              Conj/Erth      2%         3d7       65%         3
 Summon Forest            Summ/Tloc      5%         N/A       93%         5
 Hailstorm                Conj/Ice       1%         3d3       96%         4
 Ice Form                 Ice/Tmut       1%         N/A       96%         4
 Olgreb's Toxic Radiance  Pois           1%         N/A       96%         4
 Petrify                  Tmut/Erth      1%         N/A       96%         4
 Hydra Form               Tmut           0%         N/A       100%        5
 Lee's Rapid Deconstruct  Erth           0%         3d5*      100%        5
 Metabolic Englaciation   Hex/Ice        0%         N/A       100%        5
 Yara's Violent Unravell  Hex/Tmut       0%         3d3       100%        5
 Eringya's Noxious Bog    Tmut/Pois      0%         N/A       100%        6
 Summon Hydra             Summ           0%         N/A       100%        7


Dungeon Overview and Level Annotations

Branches:
Dungeon (13/15)            Temple (1/1) D:5            Lair (0/6) D:8
    Orc (0/2) D:12        Ossuary (visited)
 Vaults: D:13-14

Altars:
Ashenzari
Cheibriados
Dithmenos
Elyvilon
Fedhas
Gozag
Hepliaklqana
Kikubaaqudgha
Makhleb
Nemelex Xobeh
Okawaru
Qazlal
Ru
Sif Muna
Trog
Uskayaw
Vehumet
Wu Jian
Xom
Yredelemnul
Zin
The Shining One

Shops:
D:1 !   D:2 ::!(*   D:5 [(   D:6 [(*!   D:7 !

Annotations:
D:3 3 runed translucent doors, Orlauf's ghost, amateur DsGl; tehphobia's ghost, amateur GnVM


Innate Abilities, Weirdness & Mutations

You have a pair of horns on your head.
You have a somewhat thin skeletal structure. (Dex +2, Stealth+)
You regenerate a little health from kills.
You sometimes gain a little power by taking damage.


Message History

Something smites you! The meliai hits you with a +0 war axe!
* * * LOW HITPOINT WARNING * * *
You block the meliai's attack. The meliai barely misses you. x2
The two-headed ogre closely misses you. The two-headed ogre misses you.
Okay, then.
Okay, then.
You spin and attack the two-headed ogre repeatedly.
You barely miss the two-headed ogre.
The two-headed ogre is almost dead.
You puncture the two-headed ogre!
You kill the two-headed ogre!
The Council accepts your kill.
You spin and attack the meliai repeatedly.
You hit the meliai.
The meliai is lightly wounded.
You hit the meliai.
The meliai is moderately wounded.
The meliai calls upon its god to heal the meliai.
The meliai's wounds heal themselves!
The meliai hits you with a +0 broad axe.
* * * LOW HITPOINT WARNING * * *
The meliai misses you. The meliai hits you with a +0 war axe!
* * * LOW HITPOINT WARNING * * *
The meliai closely misses you. The meliai completely misses you.
The meliai barely misses you.
Your Shields skill increases to level 2!
Okay, then.
You feel better.
The meliai calls down the wrath of its god upon you.
Something smites you!
* * * LOW HITPOINT WARNING * * *
You block the meliai's attack. The meliai stings you.
* * * LOW HITPOINT WARNING * * *
The meliai barely misses you. The meliai closely misses you.
You block the meliai's attack. The meliai stings you.
* * * LOW HITPOINT WARNING * * *
You are lethally poisoned!
The meliai poisons you!
The meliai hits you with a +0 broad axe!
You die...

#.^.....#
#......>#
#.......#
######'##
####..#
#....##
##'######
#.......#
#.y@....#
#.yy....#
#..'.......#
'.##.......#
.# #.......#
#.......#
#####+###


You could see 3 meliai.

Vanquished Creatures
  A boulder beetle (D:12)
  A centaur warrior (D:13)
  2 two-headed ogres
  A deep elf pyromancer (D:13)
  2 cyclopes
  A manticore (D:12)
  Joseph (D:9)
  2 centaur zombies
  Maggie (D:9)
  Psyche (D:8)
  A troll (D:13)
  A wraith (D:9)
  A water elemental (D:12)
  A shadow (D:9)
  6 yaks (D:8)
  Grum (D:8)
  A warg (D:13)
  A steam dragon (D:8)
  An ice beast (D:7)
  A black bear (D:7)
  An ogre (D:4)
  4 orc warriors
  2 necrophages
  4 centaurs
  3 wolves (D:8)
  Blork the orc (D:6)
  2 phantoms (D:6)
  A kobold brigand (D:8)
  A gnoll sergeant (D:10)
  3 bullfrogs
  3 scorpions
  2 water moccasin skeletons
  A wyvern skeleton (D:3)
  3 killer bees (D:9)
  5 wights (D:8)
  10 electric eels
  9 howler monkeys
  2 bullfrog zombies (D:6)
  2 hounds
  A jelly (D:5)
  2 orc priests
  A bullfrog skeleton (D:5)
  Jessica (D:2)
  A centaur skeleton (D:7)
  6 iguanas
  Terence (D:3)
  5 orc wizards
  A killer bee zombie (D:7)
  A hound skeleton (D:5)
  2 mummies
  7 gnolls (D:10)
  A howler monkey skeleton (D:6)
  3 adders
  3 worms
  5 dart slugs
  23 orcs
  6 spectral bats (Ossuary)
  8 ball pythons
  3 endoplasms
  4 giant cockroaches
  12 gnoll zombies (Ossuary)
  4 goblins
  8 hobgoblins
  14 jackals
  9 kobolds
  7 quokkas
  8 bats
  4 bat simulacra (Ossuary)
  2 frilled lizards
  6 goblin simulacra (Ossuary)
  10 goblin zombies (Ossuary)
  A hobgoblin zombie (Ossuary)
  3 kobold simulacra (Ossuary)
  2 kobold zombies (Ossuary)
  7 orc zombies
  5 rats
  3 rat simulacra (Ossuary)
  4 spectral goblins (Ossuary)
  3 spectral kobolds (Ossuary)
  4 spectral rats (Ossuary)
288 creatures vanquished.

Vanquished Creatures (others)
  An orc (D:8)
  2 plants (D:6)
  6 withered plants (D:3)
9 creatures vanquished.

Grand Total: 297 creatures vanquished

Notes
Turn   | Place    | Note
-------+----------+-------------------------------------------
     0 | D:1      | Shayle the Demonspawn Warper began the quest for the Orb.
     0 | D:1      | Reached XP level 1. HP: 16/16 MP: 3/3
    59 | D:1      | Gained mutation: You regenerate a little health from kills.
                  | [demonic ancestry]
    59 | D:1      | Reached XP level 2. HP: 8/23 MP: 5/5
   396 | D:1      | Found Diutwad's Distillery.
   641 | D:1      | Gained mutation: You have a somewhat thin skeletal
                  | structure. (Dex +2, Stealth+) [demonic ancestry]
   641 | D:1      | Reached XP level 3. HP: 13/28 MP: 6/6
   808 | D:1      | Learned a level 2 spell: Blink
   812 | D:1      | Learned a level 3 spell: Teleport Other
  1324 | D:2      | Found Teehij's Book Shoppe.
  1343 | D:2      | Noticed Jessica
  1350 | D:2      | Killed Jessica
  1351 | D:2      | Reached skill level 1 in Stealth
  1351 | D:2      | Gained mutation: You sometimes gain a little power by
                  | taking damage. [demonic ancestry]
  1351 | D:2      | Reached XP level 4. HP: 35/35 MP: 7/7
  1371 | D:2      | Found Yhugen's Distillery.
  1443 | D:2      | Found Xeatox's Weapon Boutique.
  1608 | D:2      | Found Sidd's Assorted Antiques.
  1611 | D:2      | Bought 2 scrolls labelled ZUMAISOSKEU for 46 gold pieces
  1687 | D:2      | Found a faded altar of an unknown god.
  2583 | D:2      | Found Isyupont's Book Shoppe.
  2587 | D:2      | Acquired 1322 gold pieces
  2588 | D:2      | Acquired a +0 pair of gloves of dexterity
  2589 | D:2      | Acquired a book of Geomancy
  2878 | D:2      | Bought the +8 halberd of Disharmony {vamp, Str+7} for 884
                  | gold pieces
  3281 | D:3      | Reached skill level 1 in Polearms
  3281 | D:3      | Gained mutation: You have a pair of small horns on your
                  | head. [demonic ancestry]
  3281 | D:3      | Reached XP level 5. HP: 21/41 MP: 8/8
  3514 | D:3      | Found a runed translucent gate.
  3514 | D:3      | Found a runed translucent gate.
  3514 | D:3      | Found a runed translucent gate.
  3527 | D:3      | Noticed Orlauf's ghost (amateur DsGl)
  3527 | D:3      | Noticed tehphobia's ghost (amateur GnVM)
  3698 | D:3      | Noticed Terence
  3705 | D:3      | Killed Terence
  4192 | D:4      | Identified the +1 hunting sling of the Extremes {speed,
                  | Int+2}
  4316 | D:4      | Noticed an ogre
  4330 | D:4      | Killed an ogre
  4331 | D:4      | Reached skill level 2 in Polearms
  4331 | D:4      | Reached XP level 6. HP: 48/48 MP: 9/9
  4604 | D:4      | Reached skill level 3 in Polearms
  4604 | D:4      | Reached XP level 7. HP: 37/55 MP: 10/10
  4907 | D:5      | Entered Level 5 of the Dungeon
  5133 | D:5      | Found a staircase to the Ecumenical Temple.
  5142 | Temple   | Entered the Ecumenical Temple
  5241 | Temple   | Became a worshipper of the Wu Jian Council
  5306 | D:5      | Reached skill level 1 in Evocations
  5434 | D:5      | Found Vaseimnedi's Antique Armour Emporium.
  5460 | D:5      | Reached skill level 4 in Polearms
  5546 | D:5      | Found Wumesok's Antique Weapon Shop.
  5866 | D:6      | Reached skill level 5 in Fighting
  5866 | D:6      | Gained mutation: You have a pair of horns on your head.
                  | [demonic ancestry]
  5866 | D:6      | Reached XP level 8. HP: 55/62 MP: 11/11
  6040 | D:6      | Found Vuiluwn's Distillery.
  6045 | D:6      | Bought a potion of curing for 36 gold pieces
  6045 | D:6      | Bought a potion of heal wounds for 60 gold pieces
  6045 | D:6      | Bought a potion of heal wounds for 60 gold pieces
  6045 | D:6      | Bought a potion of heal wounds for 60 gold pieces
  6051 | D:6      | Noticed Blork the orc
  6058 | D:6      | Killed Blork the orc
  6059 | D:6      | Reached skill level 5 in Polearms
  8042 | D:6      | Reached skill level 5 in Translocations
  8260 | D:6      | Reached skill level 6 in Polearms
  8266 | D:6      | Found Coam's Armour Boutique.
  8410 | D:6      | Found a basalt altar of Yredelemnul.
  8410 | D:6      | Found a shadowy altar of Dithmenos.
  8411 | D:6      | Found an ancient bone altar of Kikubaaqudgha.
  8430 | D:6      | Found Syxaewk's Antique Weapon Shop.
  8530 | D:6      | Found Iciwanlao's Assorted Antiques.
  8534 | D:6      | Bought a steaming leather armour for 224 gold pieces
  8534 | D:6      | Identified the +0 leather armour of Floral Leaves {rPois
                  | Str+4 Dex-5} (You bought it in a shop on level 6 of the
                  | Dungeon)
  8669 | D:7      | Found Qext's Distillery.
  8764 | D:7      | Learned a level 5 spell: Manifold Assault
  8925 | D:7      | Reached XP level 9. HP: 69/69 MP: 12/12
  9035 | D:7      | Noticed a cyclops
  9042 | D:7      | Killed a cyclops
  9180 | D:7      | Reached skill level 7 in Polearms
  9203 | D:7      | Reached * piety under Wu Jian
  9315 | D:7      | Noticed a six-headed hydra
  9529 | D:8      | Reached skill level 8 in Polearms
  9686 | D:8      | Found a sand-covered staircase.
  9692 | Ossuary  | Entered an ossuary
  9784 | Ossuary  | Reached ** piety under Wu Jian
  9892 | Ossuary  | Acquired 1212 gold pieces
  9959 | Ossuary  | Reached *** piety under Wu Jian
 10304 | D:8      | Reached skill level 9 in Polearms
 10310 | D:8      | Reached XP level 10. HP: 61/76 MP: 13/13
 10507 | D:8      | Reached skill level 10 in Polearms
 10567 | D:8      | Noticed Psyche
 10573 | D:8      | Killed Psyche
 10658 | D:8      | Noticed Grum
 10672 | D:8      | Killed Grum
 10845 | D:8      | Found a staircase to the Lair.
 11286 | D:9      | Found a stormy altar of Qazlal.
 11300 | D:9      | Found a bloodstained altar of Trog.
 11303 | D:9      | Found a broken altar of Ashenzari.
 11310 | D:9      | Found a shimmering blue altar of Sif Muna.
 11444 | D:9      | Noticed Joseph
 11799 | D:9      | Found the +8 lance "Wyrmbane" {slay drac, rPois rF+ rC+
                  | AC+3}
 11855 | D:9      | Noticed a two-headed ogre
 11868 | D:9      | Killed a two-headed ogre
 11869 | D:9      | Reached skill level 11 in Polearms
 12110 | D:9      | Killed Joseph
 12157 | D:9      | Reached **** piety under Wu Jian
 12221 | D:9      | Noticed Maggie
 12239 | D:9      | Killed Maggie
 12416 | D:10     | Entered Level 10 of the Dungeon
 12659 | D:10     | Reached skill level 12 in Polearms
 12699 | D:10     | You are sucked into a shaft and drop 3 floors!
 12712 | D:13     | Identified the +2 leather armour of Exclusion {Drain rC+
                  | rCorr Int+2}
 12745 | D:13     | Noticed a cyclops
 12755 | D:13     | Killed a cyclops
 12756 | D:13     | Reached XP level 11. HP: 61/81 MP: 14/14
 12850 | D:13     | Noticed a deep elf pyromancer
 12855 | D:12     | Noticed a boulder beetle
 12867 | D:13     | Noticed a centaur warrior
 12873 | D:13     | Killed a deep elf pyromancer
 12909 | D:13     | Killed a centaur warrior
 12919 | D:12     | Found a staircase to the Orcish Mines.
 13093 | D:12     | Noticed a boulder beetle
 13116 | D:12     | Killed a boulder beetle
 13117 | D:12     | Reached skill level 1 in Shields
 13689 | D:11     | Noticed a two-headed ogre
 13700 | D:11     | Killed a two-headed ogre
 13701 | D:11     | HP: 1/83 [meliai/+0 war axe (4)]
 13701 | D:11     | Mangled by a meliai

Illustrated notes

Levels and vault maps discovered:
D:1:      dpeg_arrival_pits, layout_loops_ring, serial_shops, shop,
          minmay_pentomino_w4
D:2:      layout_basic, serial_shops, nicolae_shop_behind_doors, shop,
          shop_statue, shop, nicolae_shop_statue_plus,
          shapermc_ecumenical_altar_totnotflames, uniq_jessica
D:3:      layout_loops_corners, good_gods_mini_temple, gammafunk_ghost_cemetery,
          uniq_terence, uniq_crazy_yiuf_cottage
D:4:      layout_rooms, minmay_misc_feat_tower, minivault_11
D:5:      layout_basic, minmay_temple_entry_junction, serial_shops,
          nicolae_shop_waterfront, shop
D:6:      layout_gridville, gammafunk_temple_overflow_claw, serial_bayou,
          serial_bayou_pond_b, serial_bayou_pond_a, serial_bayou_lagoon_b,
          serial_shops, kennysheep_little_box, kennysheep_mini, shop, shop,
          uniq_blork_the_orc
D:7:      layout_gridville, serial_shops, shop, minmay_small_thing
D:8:      layout_cave_pods, lair_entry_dummy, nicolae_ossuary_entry_giza,
          kennysheep_nondescript, uniq_grum, uniq_psyche
D:9:      layout_small_grid, grunt_temple_overflow_cloverleaf, uniq_maggie,
          uniq_joseph
D:10:     layout_basic
D:11:     layout_roguey, corexii_hall_statues_x, guppyfry_shop_venom,
          uniq_erolcha
D:12:     layout_basic, david_orc_3, nzn_ghost_randoct
D:13:     layout_loops_ring, serial_shops, shop, hangedman_decor_opposing
Temple:   nicolae_temple_hex_pool

Skill      XL: |  1  2  3  4  5  6  7  8  9 10 11 |
---------------+----------------------------------+-----
Long Blades    | 2 3 |  3.1
Fighting       | 3 4 5 6 |  6.7
Stealth        | 1 2 3 |  3.2
Polearms       | 1 2 3 4 6 9 12 | 12.7
Translocations | 3 4 5 |  5.9
Evocations     | 1 3 4 |  4.0
Dodging        | 2 3 |  3.3
Shields        | 2 |  2.0
Throwing       | |  0.8
Armour         | |  0.8
Spellcasting   | |  2.6

Action                   |  1- 3 |  4- 6 |  7- 9 | 10-12 || total
-------------------------+-------+-------+-------+-------++-------
Melee: Falchion          |    77 |    80 |       |       ||   157
       Halberd           |       |    65 |   284 |    77 ||   426
       Headbutt          |       |     6 |    60 |    57 ||   123
       Lance             |       |       |       |   171 ||   171
Throw: Dart              |    30 |    13 |    27 |    14 ||    84
       Boomerang         |     1 |       |       |       ||     1
Invok: Lunge             |       |       |    32 |    18 ||    50
       Whirlwind         |       |       |    13 |    18 ||    31
Evoke: Wand              |       |       |     1 |     1 ||     2
  Use: Scroll            |       |     3 |     2 |    12 ||    17
       Potion            |       |       |     2 |     3 ||     5
 Stab: Sleeping          |       |    16 |    32 |    10 ||    58
       Distracted        |       |     1 |     4 |     2 ||     7
Armor: Leather armour    |    30 |    26 |    91 |     1 ||   148
       Steam dragon scal |       |       |       |    55 ||    55
Dodge: Dodged            |    47 |    85 |   166 |   125 ||   423
Block: Buckler           |       |       |       |    26 ||    26
       Rpst.: Falchion   |    16 |     5 |       |       ||    21

Table legend: (Time is in decaauts)
 A = Elapsed time spent in this place.
 B = Non-inter-level travel time spent in this place.
 C = Inter-level travel time spent in this place.
 D = Time resting spent in this place.
 E = Time spent auto-exploring this place.
 F = Levels seen in this place.
 G = Mean time per level.
                   A        B        C        D        E       F      G
               +--------+--------+--------+--------+--------+-----+--------+
         Total |  13802 |  13417 |    385 |   3311 |   6509 |  15 |  920.1 |
       Dungeon |  13220 |  12877 |    343 |   3311 |   6381 |  13 | 1016.9 |
        Temple |    120 |     78 |     42 |      0 |     76 |   1 |  120.0 |
       Ossuary |    460 |    460 |      0 |      0 |     52 |   1 |  460.0 |
               +--------+--------+--------+--------+--------+-----+--------+

Top non-repeatable levels by time:
     D:6: 2981 daAuts
     D:1: 1572 daAuts
     D:2: 1353 daAuts
     D:8: 1318 daAuts
     D:3: 1282 daAuts
     D:9: 1128 daAuts
     D:5: 797 daAuts
     D:7: 786 daAuts
     D:4: 750 daAuts
    D:12: 699 daAuts
 Ossuary: 460 daAuts
    D:10: 273 daAuts
    D:13: 255 daAuts
  Temple: 120 daAuts
    D:11: 21 daAuts
